Map: Ruins of Seras

Players

lIIIIIllllII

  • Race: Protoss Protoss
  • League: Master

MorN - Winner!

  • Race: Terran Terran
  • League: Master

VOD

Have the link to the VOD?

Description

Time

  • Played on: Nov. 21, 2015, 7:48 p.m.
  • Length: 11:37
Show
View Real Time Build Order
Export as new Build Order

lIIIIIllllII Protoss 

Build Orders: 1 Gate Expand 

Get SALT Encoding   

  12  0:01  Probe (Chrono Boost)  
  13  0:11  Probe (Chrono Boost)  
  14  0:20  Pylon  
  14  0:22  Probe (Chrono Boost)  
  15  0:37  Assimilator  
  15  0:38  Probe (Chrono Boost)  
  16  0:50  Probe (Chrono Boost)  
  16  0:55  Gateway  
  17  1:10  Probe (Chrono Boost)  
  18  1:21  Probe (Chrono Boost)  
  19  1:33  Nexus  
  19  1:38  Probe (Chrono Boost)  
  20  1:45  Cybernetics Core  
  20  1:53  Probe (Chrono Boost)  
  21  2:05  Probe (Chrono Boost)  
  22  2:12  Pylon  
  22  2:16  Probe (Chrono Boost)  
  22  2:21  Warp Gate (Chrono Boost)  
  23  2:28  Pylon  
  23  2:31  Stalker (Chrono Boost)  
  24  2:39  Robotics Facility  
  24  2:42  Probe  
  25  2:52  Probe  
  25  2:54  Probe  
  27  3:03  Probe  
  28  3:06  Probe  
  28  3:10  Gateway  
  29  3:13  Probe, Gateway  
  29  3:18  Probe  
  31  3:21  Warp Prism (Chrono Boost)  
  33  3:27  Probe  
  33  3:30  Probe  
  35  3:35  Pylon  
  35  3:41  Probe  
  35  3:43  Mothership Core  
  35  3:46  Assimilator  
  38  3:52  Pylon  
  38  3:53  Probe  
  39  4:04  Probe  
  39  4:06  Immortal  
  44  4:12  Gateway  
  44  4:15  Gateway, Probe (Chrono Boost)  
  45  4:20  Probe (Chrono Boost)  
  45  4:23  Assimilator  
  46  4:26  Pylon  
  47  4:31  Probe (Chrono Boost)  
  47  4:32  Probe (Chrono Boost)  
  49  4:45  Probe (Chrono Boost)  
  49  4:46  Observer  
  49  4:47  Twilight Council  
  49  4:49  Pylon  
  50  4:55  Probe (Chrono Boost)  
  51  5:00  Gateway  
  51  5:03  Zealot x2  
  51  5:05  Forge  
  51  5:06  Pylon  
  55  5:10  Pylon  
  55  5:11  Assimilator  
  55  5:27  Adept  
  57  5:29  Adept x2  
  57  5:30  Adept x2  
  57  5:46  Warp Prism  
  51  5:57  Zealot x3  
  51  5:59  Charge (Chrono Boost)  
  51  6:00  Protoss Ground Armor Level 1 (Chrono Boost)  
  55  6:05  Pylon  
  55  6:06  Probe, Pylon  
  55  6:07  Probe  
  55  6:10  Pylon  
  57  6:18  Probe, Zealot x2  
  62  6:28  Probe  
  62  6:30  Probe  
  62  6:31  Observer  
  65  6:39  Templar Archives  
  65  6:43  Zealot x4  
  65  6:44  Zealot  
  75  6:52  Pylon  
  75  7:03  Psionic Storm  
  75  7:05  Stalker x4  
  83  7:19  Gateway  
  83  7:28  Probe  
  84  7:36  Zealot x3  
  84  7:37  Zealot x2  
  84  7:52  High Templar  
  84  7:54  Protoss Ground Armor Level 2  
  84  7:57  High Templar  
  88  7:58  Zealot  
  88  7:59  Zealot x3  
  94  8:28  Stalker x3, Zealot x2  
  104  8:55  Zealot, High Templar x2  
  100  8:56  Zealot x2  
  95  9:03  Observer (Chrono Boost)  
  95  9:08  Stalker  
  98  9:15  Zealot  
  98  9:16  Probe  
  101  9:29  Probe  
  98  9:31  Nexus  
  98  9:35  Zealot x3  
  98  9:36  Zealot x3  
  110  9:41  Probe  
  110  9:44  Stalker  
  102  9:56  Stalker x2  
  102  9:57  Stalker  
  108  10:02  Stalker  
  110  10:11  Probe  
  103  10:37  Nexus  
  61  10:52  Archon  
  54  10:58  High Templar x2  
  54  10:59  High Templar x3  
  58  11:19  Zealot x2  
  62  11:32  Zealot  
  64  11:34  Archon x2  
Show
View Real Time Build Order
Export as new Build Order

MorN Terran - Winner!

Build Orders: Cyclone Opening, MMM Bio 

Get SALT Encoding   

  12  0:00  SCV  
  13  0:12  SCV  
  14  0:18  Supply Depot  
  14  0:26  SCV  
  15  0:39  SCV  
  15  0:40  Barracks  
  16  0:46  Refinery  
  16  0:51  SCV  
  17  1:03  SCV  
  18  1:15  SCV  
  19  1:28  Marine  
  19  1:30  Orbital Command  
  20  1:45  Command Center  
  20  1:55  Factory  
  20  1:59  SCV  
  21  2:02  Marine  
  22  2:08  Supply Depot  
  22  2:20  Marine  
  23  2:30  SCV  
  24  2:38  Factory Tech Lab  
  24  2:40  Barracks  
  24  2:42  SCV  
  25  2:48  Marine  
  26  2:54  SCV  
  26  2:57  Orbital Command  
  27  2:59  Cyclone  
  30  3:05  Marine  
  30  3:06  SCV  
  31  3:18  SCV  
  32  3:24  SCV  
  32  3:25  Marine  
  34  3:31  SCV  
  35  3:39  Stimpack  
  35  3:40  Marine  
  36  3:44  Refinery  
  36  3:46  SCV  
  36  3:47  Marine  
  38  3:53  Factory Reactor  
  38  3:56  Supply Depot  
  38  4:01  Command Center  
  38  4:07  SCV  
  38  4:09  Bunker  
  39  4:10  SCV  
  39  4:12  Barracks  
  40  4:19  SCV  
  40  4:23  SCV  
  40  4:24  Supply Depot  
  42  4:31  SCV, Barracks Tech Lab  
  43  4:41  SCV, Factory Reactor  
  43  4:43  SCV  
  45  4:49  Supply Depot  
  45  4:55  SCV  
  45  4:57  SCV  
  45  4:59  Refinery  
  47  5:01  Engineering Bay  
  47  5:05  Marauder x2  
  51  5:07  SCV  
  51  5:09  SCV  
  51  5:11  Marine x2  
  56  5:15  Orbital Command  
  56  5:20  SCV  
  56  5:22  SCV, Supply Depot  
  56  5:29  Starport  
  44  5:46  SCV x2  
  41  5:51  Marine x3  
  41  5:52  Marauder  
  48  5:59  SCV x2  
  48  6:02  SCV  
  51  6:04  Terran Infantry Weapons Level 1  
  51  6:09  Reaper  
  51  6:11  SCV x2  
  50  6:14  SCV  
  50  6:15  Factory Reactor  
  51  6:19  Medivac x2  
  51  6:23  SCV x2  
  57  6:26  SCV, Marauder x2, Marine  
  57  6:32  Supply Depot, Combat Shields  
  63  6:35  SCV x2  
  63  6:38  SCV  
  66  6:41  Marine  
  66  6:44  Barracks  
  66  6:45  Barracks, Marine  
  66  6:47  SCV, Marauder, Marine  
  68  6:50  Medivac  
  68  6:52  Concussive Shells  
  74  7:01  SCV, Supply Depot  
  75  7:05  Marauder  
  75  7:06  Widow Mine x2, Marine x2  
  83  7:09  Marauder  
  83  7:12  Missile Turret  
  83  7:14  Missile Turret x2  
  85  7:17  SCV  
  85  7:19  Refinery  
  85  7:22  Medivac  
  88  7:25  Marine  
  88  7:26  Marauder  
  91  7:35  Marauder, Widow Mine x2, Marine  
  97  7:38  Orbital Command  
  97  7:43  Marine, Liberator  
  100  7:48  Marauder  
  99  7:51  Barracks Reactor, Barracks Tech Lab  
  99  7:57  SCV  
  100  8:01  SCV  
  104  8:09  Widow Mine  
  94  8:29  Marine x3  
  94  8:30  Marauder x2  
  101  8:34  Barracks  
  101  8:36  Barracks  
  91  9:06  Marauder, Marine x2  
  95  9:10  SCV x2  
  95  9:12  Marauder, Widow Mine x2, Marine x3  
  106  9:18  Supply Depot  
  106  9:19  Supply Depot, Barracks  
  106  9:23  Barracks Reactor, Barracks Tech Lab, Bunker  
  106  9:24  Marine  
  107  9:25  Marine  
  107  9:28  Marauder  
  107  9:29  Marine  
  107  9:30  Marine  
  108  9:34  Supply Depot  
  108  9:35  SCV, Supply Depot  
  109  9:40  SCV x2, Marauder x2  
  109  9:41  Marine, Widow Mine x2  
  118  9:47  SCV  
  118  9:49  Marauder  
  118  9:52  SCV  
  113  9:59  Marine x3  
  106  10:00  Medivac x2, Marauder  
  106  10:01  Marauder  
  106  10:04  Ghost Academy  
  106  10:06  SCV x2  
  114  10:08  Armory  
  114  10:09  Widow Mine  
  114  10:12  Widow Mine  
  114  10:13  SCV  
  119  10:18  SCV x2  
  121  10:25  SCV  
  121  10:27  Marauder, Marine x3  
  121  10:28  Marauder x2  
  131  10:29  Barracks Reactor  
  131  10:30  SCV x2  
  129  10:38  Widow Mine  
  90  10:55  Marine x3  
  90  10:56  Marauder  
  85  10:57  SCV x2  
  85  11:02  SCV  
  85  11:06  Marine x3  
  85  11:07  Marauder x2, Marine x2  
  85  11:08  Marauder  
  85  11:09  SCV x2  
  98  11:14  SCV, Marine  
  98  11:15  Engineering Bay  
  102  11:19  Missile Turret  
  102  11:21  SCV x2  
Tags
 
Add a new tag
Caveats
  • Supply blocks, unpowered buildings, or Contaminate may cause inaccurate times.
  • Supply counts are checked every 10 seconds.